 Dungeon Crawl Stone Soup version 0.27.1-2-g3b301248ec (webtiles) character file.

Game seed: 2894249282804927544

3373 Borgoz the Fighter (level 10, -1/64 HPs)
             Began as a Gargoyle Berserker on Oct 2, 2021.
             Was a Priest of Trog.
             Slain by a rust devil (11 damage)
             ... on level 6 of the Dungeon.
             The game lasted 00:07:45 (9563 turns).

Borgoz the Fighter (Gargoyle Berserker)             Turns: 9563, Time: 00:07:45

Health: -1/64      AC: -11   Str: 21    XL:     10   Next: 3%
Magic:  10/10      EV: 10    Int:  9    God:    Trog [***...]
Gold:   317        SH:  0    Dex: 23    Spells: 9/9 levels left

rFire    . . .     SeeInvis .   a - +0 mace
rCold    + . .     Faith    .   (no shield)
rNeg     + . .     Spirit   .   r - +0 plate armour
rPois    ∞         Reflect  .   (no helmet)
rElec    +         Harm     .   (no cloak)
rCorr    .         Rampage  .   (no gloves)
Will     .....                  (no boots)
Stlth    ..........             o - amulet "Jiulag" {RegenMP rElec rC+}
HPRegen  0.20/turn              l - +6 ring of dexterity
MPRegen  0.37/turn              e - +6 ring of dexterity

@: corroded, on berserk cooldown, slowed, very slow
A: sickness immunity, AC +7, negative energy resistance 1, electricity
resistance, torment resistance 1, petrification resistance
a: Renounce Religion, Berserk, Trog's Hand


You were on level 6 of the Dungeon.
You worshipped Trog.
Trog was most pleased with you.
You visited 1 branch of the dungeon, and saw 6 of its levels.

You collected 317 gold pieces.

Inventory:

Hand Weapons
 a - a +0 mace (weapon)
Armour
 r - a +0 plate armour (worn)
Jewellery
 b - a ring of see invisible
 e - a +6 ring of dexterity (right hand)
 h - a ring of protection from fire
 l - a +6 ring of dexterity (left hand)
 o - the amulet "Jiulag" (around neck) {RegenMP rElec rC+}
   (You found it on level 5 of the Dungeon)

   [amulet of magic regeneration]

   It increases your rate of magic regeneration.
   rC:        It protects you from cold.
   rElec:     It insulates you from electricity.
Wands
 m - a wand of flame (4)
 u - a wand of digging (4)
Scrolls
 i - a scroll of enchant armour {unknown}
 n - a scroll of fear {unknown}
 p - 2 scrolls of teleportation
 q - 2 scrolls of fog {unknown}
Potions
 c - a potion of mutation
 d - a potion of heal wounds
 f - a potion of attraction
 g - a potion of lignification {unknown}
 j - 2 potions of berserk rage {unknown}
 k - a potion of haste {unknown}
 s - a potion of flight {unknown}
 t - a potion of curing {unknown}


   Skills:
 + Level 8.3 Fighting
 + Level 7.6 Maces & Flails
 + Level 7.9 Armour
 + Level 6.0 Dodging


You had 9 spell levels left.
You didn't know any spells.
Your spell library was empty.

Dungeon Overview and Level Annotations

Branches:
Dungeon (6/15)             Temple (0/1) D:6

Altars:
Ashenzari
Vehumet
Wu Jian
Yredelemnul

Shops:
D:3 *

Annotations:
D:6 2 transporters, Borgoz's ghost, novice MiBe


Innate Abilities, Weirdness & Mutations

You are immune to sickness and miasma.
Your stone body is resilient. (AC +7)
You are immune to poison.
You resist negative energy. (rN+)
You are resistant to electric shocks. (rElec)
You are resistant to unholy torment.
You are immune to petrification.


Message History

The rust devil is severely wounded.
The rust devil hits you! The rust devil corrodes you!
You hit the rust devil but do no damage.
The rust devil is severely wounded.
You hit the rust devil but do no damage.
The rust devil is severely wounded.
The rust devil hits you. The rust devil corrodes you!
You hit the rust devil but do no damage.
The rust devil is severely wounded.
The rust devil hits you. The rust devil corrodes you!
You closely miss the rust devil.
The rust devil is severely wounded.
You hit the rust devil but do no damage.
The rust devil is severely wounded.
The rust devil hits you. The rust devil corrodes you!
You hit the rust devil but do no damage.
The rust devil is severely wounded.
The rust devil barely misses you.
You hit the rust devil but do no damage.
The rust devil is severely wounded.
You sock the rust devil!
The rust devil is almost dead.
You are no longer berserk.
You are exhausted.
You feel yourself slow down. The rust devil hits you!
The rust devil corrodes you!
You hit the rust devil but do no damage.
The rust devil is almost dead.
The rust devil closely misses you.
You hit the rust devil but do no damage.
The rust devil is almost dead.
The rust devil hits you. The rust devil corrodes you! The rust devil hits you!
* * * LOW HITPOINT WARNING * * *
The rust devil corrodes you!
You hit the rust devil.
The rust devil is almost dead.
The rust devil hits you.
* * * LOW HITPOINT WARNING * * *
The rust devil corrodes you! The rust devil hits you!
You die...

#.#######.............#
#.# #.#.#########.# #.#
####.#.# #.# #.#
#....#.#########.# #.#
#....#.........#.####
#.####....########.#.....#
#.#..........# #.#.>...'
#.#.##...###.# #.#.....#
##.#.##...@4#'## #.#.....#
#..#.###.#.[...# #.#.....#
##.#.###.#.....# #.#.....#
#........#.....# #.##.....
####.######.#.## #.#######
##..........#.# #.#
#..#.########.# #.#
##.#..........#####.#
#.####.............#


You could see a rust devil.

Vanquished Creatures
  The ghost of dragonscale333 the Skirmisher, an amateur DsGl of Hepliaklqana (D:5)
  Prince Ribbit (D:5)
  A wyvern (D:5)
  A yak (D:5)
  Menkaure (D:5)
  The ghost of Borgoz the Skirmisher, an amateur GrBe of Trog (D:3)
  2 water moccasins
  A hornet zombie (D:6)
  Duvessa (D:5)
  2 orc warriors (D:6)
  An ice beast (D:5)
  A black bear (D:6)
  A sky beast (D:5)
  A centaur (D:6)
  2 ogres (D:5)
  2 scorpions (D:4)
  Dowan (D:5)
  6 killer bees
  A howler monkey (D:4)
  3 wights (D:6)
  4 quasits (D:3)
  A jelly (D:5)
  2 bullfrog zombies (D:5)
  A hound (D:5)
  A centaur skeleton (D:5)
  An orc priest (D:3)
  3 iguanas
  4 orc wizards
  A killer bee zombie (D:6)
  A hound zombie (D:5)
  9 adders
  6 gnolls
  A white imp (D:5)
  3 worms
  2 dart slugs (D:2)
  15 orcs
  3 bats
  3 endoplasms
  2 giant cockroaches
  3 goblins
  4 hobgoblins
  8 jackals (D:1)
  5 kobolds
  2 quokkas
  8 ball pythons
  5 frilled lizards
  4 rats
133 creatures vanquished.

Vanquished Creatures (others)
  A fungus (D:1)
  4 toadstools (D:1)
5 creatures vanquished.

Grand Total: 138 creatures vanquished

Notes
Turn   | Place    | Note
-------+----------+-------------------------------------------
     0 | D:1      | Borgoz the Gargoyle Berserker began the quest for the Orb.
     0 | D:1      | Reached XP level 1. HP: 14/14 MP: 1/1
    42 | D:1      | Found a faded altar of an unknown god.
   204 | D:1      | Reached XP level 2. HP: 18/19 MP: 2/2
   736 | D:1      | Reached XP level 3. HP: 5/23 MP: 3/3
  1699 | D:2      | Reached ** piety under Trog
  1702 | D:2      | Reached XP level 4. HP: 29/29 MP: 4/4
  2045 | D:2      | Reached skill level 4 in Fighting
  2738 | D:3      | Found Topnamaj's General Store.
  2790 | D:3      | Reached XP level 5. HP: 33/33 MP: 5/5
  3192 | D:3      | Noticed Borgoz's ghost (amateur GrBe)
  3203 | D:3      | Found a transporter.
  3245 | D:3      | Found a transporter.
  3378 | D:3      | Reached XP level 6. HP: 39/39 MP: 6/6
  3480 | D:3      | Killed Borgoz's ghost
  3487 | D:3      | Reached skill level 5 in Fighting
  3508 | D:3      | Reached XP level 7. HP: 14/44 MP: 7/7
  3986 | D:4      | Reached skill level 5 in Maces & Flails
  4426 | D:4      | Found an ornate altar of the Wu Jian Council.
  4807 | D:4      | Reached skill level 5 in Armour
  4839 | D:4      | Found a basalt altar of Yredelemnul.
  5087 | D:5      | Entered Level 5 of the Dungeon
  5087 | D:5      | Noticed Menkaure
  5093 | D:5      | Killed Menkaure
  5094 | D:5      | Reached XP level 8. HP: 51/51 MP: 8/8
  5106 | D:5      | Noticed a yak
  5111 | D:5      | Noticed dragonscale333's ghost (amateur DsGl)
  5327 | D:4      | Reached skill level 6 in Fighting
  5417 | D:5      | Reached *** piety under Trog
  5583 | D:5      | Identified the amulet "Jiulag" {RegenMP rElec rC+}
  5583 | D:5      | Noticed Duvessa
  5585 | D:5      | Noticed Dowan
  5596 | D:5      | Killed Duvessa
  5617 | D:5      | HP: 1/52 [Dowan/shard of ice (11)]
  5621 | D:5      | Killed Dowan
  6316 | D:5      | Found a runed translucent gate.
  6316 | D:5      | Found a runed translucent gate.
  6316 | D:5      | Found a runed translucent gate.
  6683 | D:5      | Reached XP level 9. HP: 50/56 MP: 9/9
  6772 | D:5      | Reached skill level 7 in Fighting
  6772 | D:5      | Reached skill level 5 in Dodging
  7066 | D:5      | Found a broken altar of Ashenzari.
  7078 | D:5      | Noticed Prince Ribbit
  7089 | D:5      | Killed Prince Ribbit
  7569 | D:5      | Found a radiant altar of Vehumet.
  7795 | D:6      | Found a staircase to the Ecumenical Temple.
  7877 | D:6      | Found a transporter.
  7886 | D:6      | Noticed Borgoz's ghost (novice MiBe)
  7887 | D:6      | Found a transporter.
  8578 | D:5      | Noticed a rust devil
  8578 | D:5      | Noticed a rust devil
  9170 | D:6      | Reached skill level 8 in Fighting
  9341 | D:5      | Killed dragonscale333's ghost
  9342 | D:5      | Reached XP level 10. HP: 64/64 MP: 10/10
  9534 | D:5      | Identified the +7 chain mail of Bymil {+Inv rF+ rC+}
  9563 | D:6      | Slain by a rust devil

Illustrated notes

Levels and vault maps discovered:
D:1:      ldierk_walled_garden_2, layout_basic,
          shapermc_ecumenical_altar_rom_forum, roderic_roman_lattice
D:2:      layout_rooms
D:3:      layout_basic, serial_shops, shop, gammafunk_ghost_stat_death
D:4:      layout_basic, mainiacjoe_overflow_alcove_2, nzn_wu_jian_contemplation
D:5:      cheibrodos_iron_armory, layout_layer_cave, kennysheep_little_box,
          nicolae_overflow_crystal_walls, gammafunk_ghost_split,
          minmay_diced_spiral, uniq_menkaure, uniq_duvessa, uniq_prince_ribbit1
D:6:      layout_basic, minmay_temple_entry_metal_lava, gammafunk_ghost_arena

Skill      XL: |  1  2  3  4  5  6  7  8  9 |
---------------+----------------------------+-----
Dodging        | 2 3 4 6 |  6.0
Armour         | 3 4 5 6 7 |  7.9
Fighting       | 4 5 6 8 |  8.3
Maces & Flails | 4 5 6 7 |  7.6

Action                   |  1- 3 |  4- 6 |  7- 9 | 10-12 || total
-------------------------+-------+-------+-------+-------++-------
Melee: Mace              |    95 |   132 |   413 |    25 ||   665
Invok: Berserk           |     2 |     5 |    11 |     1 ||    19
       Trog's Hand       |       |     3 |     2 |       ||     5
  Use: Scroll            |     2 |     1 |     2 |       ||     5
       Potion            |       |       |     1 |       ||     1
 Stab: Distracted        |       |     1 |       |       ||     1
Armor: Animal skin       |    69 |     2 |       |       ||    71
       Scale mail        |       |   256 |    74 |       ||   330
       Plate armour      |       |       |   185 |     1 ||   186
Dodge: Dodged            |   103 |   204 |   252 |     7 ||   566
